 Dungeon Crawl Stone Soup version 0.28.0-45-g0d030f2227 (webtiles) character file.

Game seed: 1862279124242795976

62 101zpm the Magician (level 4, -1/31 HPs)
             Began as a Djinni Ice Elementalist on Apr 14, 2022.
             Slain by Pargi (6 damage)
             ... on level 3 of the Dungeon.
             The game lasted 00:05:49 (2283 turns).

101zpm the Magician (Djinni Ice Elementalist)       Turns: 2283, Time: 00:05:51

Health: -1/31      AC:  2    Str:  7    XL:     4   Next: 28%
Gold:   12         EV: 12    Int: 18    God:
                   SH:  0    Dex: 14

rFire   + + .      SeeInvis .   (no weapon)
rCold   x . .      Faith    .   (no shield)
rNeg    . . .      Spirit   .   a - +0 robe
rPois   ∞          Reflect  .   (no helmet)
rElec   .          Harm     .   (no cloak)
rCorr   .          Rampage  .   (no gloves)
Will    .....                   (boots unavailable)
Stlth   ++........              (no amulet)
HPRegen 0.10/turn               (no ring)
MPRegen 0.00/turn               (no ring)

@: flying, very slightly contaminated
A: sickness immunity, fire resistance 2, cold vulnerability 1, float, innate
caster, HP casting, extra vitality 1
a: no special abilities


You were on level 3 of the Dungeon.
You visited 1 branch of the dungeon, and saw 3 of its levels.

You collected 12 gold pieces.

Inventory:

Missiles
 c - 20 stones
Armour
 a - a +0 robe (worn)
Jewellery
 n - an amulet of magic regeneration
 o - a ring of see invisible
Scrolls
 b - a scroll of identify {unknown}
 g - a scroll of immolation {unknown}
 l - a scroll of fear {unknown}
Potions
 d - a potion of curing
 e - a potion of degeneration {unknown}
 f - a potion of might {unknown}
 h - a potion of attraction {unknown}
 i - a potion of lignification {unknown}
 j - a potion of brilliance {unknown}
 k - a potion of invisibility {unknown}
 m - a potion of flight {unknown}


   Skills:
 + Level 0.2 Fighting
 + Level 2.5 Dodging
 + Level 1.6 Stealth
 + Level 4.2 Spellcasting


You couldn't memorise any spells.
You knew the following spells:

 Your Spells              Type           Power      Damage    Failure   Level
a - Freeze                Ice            76%        1d9       2%          1
b - Frozen Ramparts       Ice            38%        1d5       8%          3
c - Ozocubu's Armour      Ice            19%        N/A       8%          3
d - Hailstorm             Conj/Ice       19%        3d6       26%         4
e - Pain                  Necr           76%        1d7       2%          1
Your spell library was empty.

Dungeon Overview and Level Annotations

Branches:
Dungeon (3/15)

Altars:

Annotations:
D:3 Pargi


Innate Abilities, Weirdness & Mutations

You are immune to sickness and miasma.
You are immune to poison.
Your flesh is very heat resistant. (rF++)
You are vulnerable to cold. (rC-)
You float through the air rather than walking.
You learn spells naturally, not from books.
Your magical power is your life essence.
You have superior vitality. (+4 MHP)


Message History

The walls around you are covered in ice.
The wall freezes Pargi.
It was a potion of curing.
You feel better.
Casting: Frozen Ramparts (quite dangerous; 8% risk of failure)
Confirm with . or Enter, or press ? or * to list all spells.
Aiming: Pain (safe; 2% risk of failure)
Press: ? - help, Shift-Dir - straight line, f - Pargi
Aim: Pargi (lightly wounded, chance to affect: 84%) Pargi writhes in agony.
The wall freezes Pargi.
Casting: Pain (safe; 2% risk of failure)
Confirm with . or Enter, or press ? or * to list all spells.
Aiming: Pain (safe; 2% risk of failure)
Press: ? - help, Shift-Dir - straight line, f/p - Pargi
Aim: Pargi (moderately wounded, chance to affect: 84%)
You miscast Pain.
Nothing appears to happen.
The wall freezes Pargi.
Pargi bites you but does no damage. Pargi claws you.
Pargi claws you but does no damage.
Casting: Pain (safe; 2% risk of failure)
Confirm with . or Enter, or press ? or * to list all spells.
Aiming: Pain (safe; 2% risk of failure)
Press: ? - help, Shift-Dir - straight line, f/p - Pargi
Aim: Pargi (moderately wounded, chance to affect: 84%) Pargi writhes in agony.
The wall freezes Pargi.
Pargi bites you. Pargi barely misses you. x2
Casting: Pain (safe; 2% risk of failure)
Confirm with . or Enter, or press ? or * to list all spells.
Aiming: Pain (safe; 2% risk of failure)
Press: ? - help, Shift-Dir - straight line, f/p - Pargi
Aim: Pargi (heavily wounded, chance to affect: 84%) Pargi barely resists.
The wall freezes Pargi.
Pargi bites you. Pargi claws you. x2
* * * LOW HITPOINT WARNING * * *
Casting: Pain (safe; 2% risk of failure)
Confirm with . or Enter, or press ? or * to list all spells.
Aiming: Pain (safe; 2% risk of failure)
Press: ? - help, Shift-Dir - straight line, f/p - Pargi
Aim: Pargi (heavily wounded, chance to affect: 84%) Pargi writhes in agony.
* * * LOW HITPOINT WARNING * * *
The frozen ramparts melt away.
Pargi bites you.
You die...

########.
#<÷......
#@..#####
......T........
..#####...#####
#...# #####


You could see Pargi.

Vanquished Creatures
  2 adders
  A worm (D:2)
  2 bats
  2 endoplasms
  2 giant cockroaches
  3 goblins (D:1)
  6 hobgoblins
  4 kobolds
  10 ball pythons
  3 frilled lizards
  3 rats
38 creatures vanquished.

Notes
Turn   | Place    | Note
-------+----------+-------------------------------------------
     0 | D:1      | 101zpm the Djinni Ice Elementalist began the quest for the
                  | Orb.
     0 | D:1      | Reached XP level 1. HP: 15/15 MP: 0/0
    60 | D:1      | Reached XP level 2. HP: 5/21 MP: 0/0
   790 | D:1      | Reached XP level 3. HP: 22/25 MP: 0/0
   790 | D:1      | Learned a level 1 spell: Pain
  1616 | D:2      | Reached skill level 4 in Spellcasting
  1917 | D:2      | Reached XP level 4. HP: 25/31 MP: 0/0
  2275 | D:3      | Noticed Pargi
  2283 | D:3      | Slain by Pargi

Illustrated notes

Levels and vault maps discovered:
D:1:      dpeg_arrival_stone_temple_mockup, layout_basic
D:2:      layout_rooms
D:3:      layout_basic, uniq_grinder, uniq_pargi

Skill      XL: |  1  2  3 |
---------------+----------+-----
Spellcasting   | 4 |  4.2
Fighting       | |  0.2
Dodging        | |  2.5
Stealth        | |  1.6

Action                   |  1- 3 |  4- 6 || total
-------------------------+-------+-------++-------
Melee: Unarmed           |     2 |       ||     2
 Cast: Freeze            |    48 |     5 ||    53
       Frozen Ramparts   |     4 |     3 ||     7
       Ozocubu's Armour  |     1 |     1 ||     2
       Pain              |       |     4 ||     4
  Use: Potion            |       |     1 ||     1
Armor: Robe              |     8 |    22 ||    30
Dodge: Dodged            |    31 |    20 ||    51
